[ AOE2 MATCH · #506332684 ]
UnrankedBurgundians vs Bengalis
Player's team · LOSS
[ REPLAY ANALYSIS · EXTRACTED FROM THE RECORDED GAME ]
Feudal
8:58
Castle
20:08
Imperial
—
| APM avg | 76.5 |
| APM peak | 126 |
| eAPM avg | 34.0 |
| Villagers / military | 65 / 54 |
Focus
⚔️ 64.5% · 🌾 35.5%
Archer ×47 · Monk ×4 · Flemish Militia ×3
Feudal
11:48
Castle
15:52
Imperial
—
| APM avg | 38.4 |
| APM peak | 56 |
| eAPM avg | 27.0 |
| Villagers / military | 104 / 31 |
Focus
⚔️ 43.7% · 🌾 56.3%
Monk ×22 · Scorpion ×8 · Mangonel ×1
Match map
Initial resources + every placement click. Lines = walls · curves = elevation contours. ◆ gold · ⬟ stone · ● berries · ✦ relic · ◌ wall gap
Your base· Open — 2t gap
CTM | Lelouch ELO bajito's base· Open — 6t gap
Smoothed initial terrain · ◌ = detected wall gap · hover for details
Inputs per minute
— fourloko - - CTM | Lelouch ELO bajito
Build order — fourloko
First 150 of 201 actions detected
| 0:00 | Create | Villager (Male) ×4 |
| 0:01 | Create | Villager (Male) ×4 |
| 0:02 | Build | House |
| 0:04 | Build | House |
| 1:22 | Create | Villager (Male) |
| 1:50 | Create | Villager (Male) |
| 2:17 | Build | Lumber Camp |
| 2:22 | Create | Villager (Male) |
| 2:50 | Create | Villager (Male) |
| 2:53 | Create | Villager (Male) |
| 2:53 | Create | Villager (Male) |
| 3:34 | Create | Villager (Male) |
| 3:58 | Build | House |
| 4:02 | Create | Villager (Male) |
| 4:02 | Create | Villager (Male) |
| 4:50 | Create | Villager (Male) |
| 5:16 | Build | Mining Camp |
| 5:17 | Create | Villager (Male) |
| 5:47 | Create | Villager (Male) |
| 6:08 | Create | Villager (Male) |
| 6:48 | Research | Feudal Age |
| 7:30 | Research | Double-Bit Axe |
| 7:36 | Build | Palisade Wall |
| 7:40 | Build | Palisade Wall |
| 8:25 | Build | Barracks |
| 8:28 | Create | Villager (Male) |
| 8:29 | Create | Villager (Male) |
| 8:42 | Build | House |
| 8:58 | Age | Feudal Age |
| 9:07 | Build | Archery Range |
| 9:08 | Create | Flemish Militia |
| 9:08 | Create | Flemish Militia |
| 9:21 | Create | Villager (Male) |
| 9:47 | Create | Archer |
| 9:47 | Create | Archer |
| 9:49 | Build | Mining Camp |
| 9:57 | Build | House |
| 10:10 | Build | Watch Tower |
| 10:13 | Create | Flemish Militia |
| 10:22 | Build | House |
| 10:34 | Build | Palisade Wall |
| 10:38 | Build | Palisade Wall |
| 10:39 | Build | Palisade Wall |
| 11:00 | Create | Villager (Male) |
| 11:08 | Create | Villager (Male) |
| 11:15 | Build | House |
| 11:23 | Build | Mill |
| 11:33 | Build | Mining Camp |
| 11:33 | Create | Villager (Male) |
| 11:46 | Create | Archer |
| 12:04 | Create | Villager (Male) |
| 12:21 | Build | Mining Camp |
| 12:30 | Build | Farm |
| 12:31 | Build | Farm |
| 12:33 | Build | Farm |
| 12:35 | Build | Farm |
| 12:37 | Build | Farm |
| 12:44 | Create | Villager (Male) |
| 12:44 | Create | Villager (Male) |
| 12:48 | Build | Farm |
| 12:50 | Build | Farm |
| 13:14 | Create | Villager (Male) |
| 13:17 | Build | Farm |
| 13:19 | Build | Farm |
| 13:19 | Create | Archer |
| 13:33 | Create | Archer |
| 13:34 | Create | Archer |
| 13:41 | Create | Villager (Male) |
| 13:42 | Create | Villager (Male) |
| 13:45 | Create | Villager (Male) |
| 13:47 | Build | Farm |
| 14:02 | Build | House |
| 14:10 | Build | Palisade Wall |
| 14:11 | Build | Palisade Wall |
| 14:12 | Build | Palisade Wall |
| 14:14 | Create | Villager (Male) |
| 14:17 | Build | Outpost |
| 14:17 | Build | Outpost |
| 14:21 | Build | Outpost |
| 14:28 | Create | Archer |
| 14:41 | Create | Villager (Male) |
| 14:43 | Build | Outpost |
| 14:45 | Build | Outpost |
| 14:53 | Create | Archer |
| 15:15 | Create | Villager (Male) |
| 15:18 | Build | Outpost |
| 15:19 | Build | Outpost |
| 15:36 | Build | Outpost |
| 15:37 | Build | Outpost |
| 15:41 | Create | Villager (Male) |
| 15:52 | Create | Archer |
| 16:00 | Research | Loom |
| 16:02 | Build | House |
| 16:23 | Create | Villager (Male) |
| 16:24 | Build | Outpost |
| 16:30 | Build | House |
| 16:45 | Build | Market |
| 16:48 | Create | Villager (Male) |
| 17:02 | Build | Outpost |
| 17:07 | Build | Outpost |
| 17:09 | Build | Outpost |
| 17:28 | Research | Castle Age |
| 17:28 | Research | Castle Age |
| 17:54 | Create | Archer |
| 18:07 | Build | Blacksmith |
| 18:09 | Create | Archer |
| 18:09 | Create | Archer |
| 18:17 | Build | House |
| 18:19 | Create | Villager (Male) |
| 18:35 | Research | Bow Saw |
| 18:58 | Build | Archery Range |
| 19:03 | Create | Archer |
| 19:04 | Create | Archer |
| 19:23 | Research | Fletching |
| 19:30 | Create | Archer |
| 19:53 | Create | Archer |
| 20:08 | Age | Castle Age |
| 20:16 | Research | Crossbowman (upgrade) |
| 20:26 | Research | Bodkin Arrow |
| 20:27 | Create | Archer |
| 20:41 | Build | Farm |
| 20:46 | Build | Archery Range |
| 20:49 | Create | Villager (Male) |
| 20:57 | Create | Archer |
| 20:57 | Create | Archer |
| 21:03 | Create | Villager (Male) |
| 21:15 | Create | Archer |
| 21:28 | Build | Farm |
| 21:29 | Create | Archer |
| 21:29 | Create | Archer |
| 21:35 | Build | Monastery |
| 21:36 | Create | Archer |
| 21:44 | Create | Archer |
| 21:47 | Create | Archer |
| 21:53 | Create | Archer |
| 21:53 | Create | Archer |
| 21:57 | Create | Villager (Male) |
| 22:00 | Create | Archer |
| 22:22 | Create | Archer |
| 22:28 | Create | Archer |
| 22:44 | Create | Villager (Male) |
| 22:49 | Build | University |
| 23:02 | Create | Villager (Male) |
| 23:13 | Build | Lumber Camp |
| 23:25 | Create | Villager (Male) |
| 23:38 | Create | Archer |
| 23:44 | Create | Villager (Male) |
| 23:58 | Build | Farm |
| 24:07 | Build | Farm |
| 24:09 | Build | Farm |
Build order — CTM | Lelouch ELO bajito
First 150 of 237 actions detected
| 0:00 | Create | Villager (Male) |
| 0:01 | Create | Villager (Male) |
| 0:01 | Create | Villager (Male) |
| 0:01 | Create | Villager (Male) |
| 0:02 | Build | House |
| 0:04 | Build | House |
| 1:23 | Create | Villager (Male) |
| 1:23 | Create | Villager (Male) |
| 1:52 | Create | Villager (Male) |
| 1:52 | Create | Villager (Male) |
| 2:14 | Create | Villager (Male) |
| 2:14 | Create | Villager (Male) |
| 2:28 | Build | Lumber Camp |
| 2:38 | Build | House |
| 2:43 | Create | Villager (Male) |
| 2:53 | Create | Villager (Male) |
| 2:53 | Create | Villager (Male) |
| 3:29 | Create | Villager (Male) |
| 3:29 | Create | Villager (Male) |
| 3:29 | Create | Villager (Male) |
| 3:30 | Create | Villager (Male) |
| 3:54 | Build | House |
| 3:58 | Create | Villager (Male) |
| 4:16 | Create | Villager (Male) |
| 5:02 | Create | Villager (Male) |
| 5:14 | Create | Villager (Male) |
| 5:26 | Research | Loom |
| 5:26 | Create | Villager (Male) |
| 5:26 | Create | Villager (Male) |
| 6:06 | Create | Villager (Male) |
| 6:22 | Create | Villager (Male) |
| 6:22 | Create | Villager (Male) |
| 6:30 | Build | Mill |
| 7:06 | Create | Villager (Male) |
| 7:44 | Create | Villager (Male) |
| 8:07 | Build | Palisade Wall |
| 8:09 | Build | Palisade Wall |
| 8:12 | Build | Palisade Wall |
| 8:13 | Build | Palisade Wall |
| 8:15 | Build | Palisade Wall |
| 8:18 | Build | Palisade Wall |
| 8:20 | Build | Palisade Wall |
| 8:23 | Create | Villager (Male) |
| 8:24 | Build | Palisade Wall |
| 8:26 | Build | Palisade Wall |
| 8:27 | Create | Villager (Male) |
| 8:27 | Create | Villager (Male) |
| 8:32 | Build | Mining Camp |
| 8:34 | Create | Villager (Male) |
| 8:47 | Build | Palisade Wall |
| 8:56 | Build | Palisade Wall |
| 9:03 | Build | Palisade Wall |
| 9:05 | Build | Palisade Wall |
| 9:06 | Build | Palisade Wall |
| 9:09 | Build | Palisade Wall |
| 9:19 | Research | Feudal Age |
| 9:38 | Build | Palisade Wall |
| 9:42 | Build | Palisade Wall |
| 9:43 | Build | Palisade Wall |
| 9:43 | Build | Palisade Wall |
| 9:48 | Create | Villager (Male) |
| 10:09 | Build | Palisade Wall |
| 10:46 | Create | Villager (Male) |
| 11:03 | Create | Villager (Male) |
| 11:03 | Create | Villager (Male) |
| 11:25 | Build | House |
| 11:48 | Age | Feudal Age |
| 11:50 | Build | Blacksmith |
| 11:51 | Build | Market |
| 12:03 | Build | Mining Camp |
| 13:12 | Research | Castle Age |
| 13:12 | Research | Castle Age |
| 13:13 | Research | Castle Age |
| 13:18 | Build | Palisade Wall |
| 13:22 | Build | Palisade Wall |
| 13:26 | Build | Palisade Wall |
| 13:29 | Build | Palisade Wall |
| 13:30 | Build | Palisade Wall |
| 13:52 | Research | Horse Collar |
| 13:52 | Research | Horse Collar |
| 13:54 | Research | Double-Bit Axe |
| 13:54 | Research | Double-Bit Axe |
| 14:08 | Build | House |
| 14:11 | Build | House |
| 14:12 | Build | House |
| 14:49 | Build | Farm |
| 14:51 | Build | Farm |
| 14:56 | Build | Farm |
| 15:06 | Build | House |
| 15:12 | Build | Palisade Wall |
| 15:31 | Create | Villager (Male) |
| 15:52 | Age | Castle Age |
| 15:58 | Build | Monastery |
| 15:59 | Create | Villager (Male) |
| 15:59 | Create | Villager (Male) |
| 16:16 | Build | Monastery |
| 16:39 | Build | Farm |
| 16:40 | Build | Farm |
| 16:42 | Create | Monk |
| 16:42 | Create | Monk |
| 16:44 | Create | Villager (Male) |
| 16:46 | Create | Monk |
| 16:46 | Create | Monk |
| 16:46 | Create | Monk |
| 17:03 | Build | House |
| 17:06 | Build | House |
| 17:31 | Create | Villager (Male) |
| 17:44 | Create | Villager (Male) |
| 17:45 | Create | Villager (Male) |
| 17:58 | Build | Town Center |
| 18:03 | Build | Farm |
| 18:17 | Create | Monk |
| 18:17 | Create | Monk |
| 18:18 | Create | Villager (Male) |
| 18:19 | Create | Villager (Male) |
| 18:24 | Build | House |
| 18:25 | Build | Farm |
| 18:28 | Create | Monk |
| 18:55 | Build | Farm |
| 18:58 | Build | Farm |
| 18:59 | Create | Villager (Male) |
| 19:00 | Create | Villager (Male) |
| 19:21 | Create | Villager (Male) |
| 19:22 | Create | Villager (Male) |
| 19:22 | Create | Villager (Male) |
| 19:46 | Research | Sanctity |
| 19:48 | Create | Monk |
| 19:51 | Create | Villager (Male) |
| 19:52 | Create | Villager (Male) |
| 19:55 | Build | House |
| 20:11 | Create | Monk |
| 20:12 | Create | Monk |
| 20:13 | Create | Villager (Male) |
| 20:26 | Create | Villager (Male) |
| 20:32 | Build | Siege Workshop |
| 20:46 | Build | House |
| 20:59 | Create | Villager (Male) |
| 21:03 | Create | Villager (Male) |
| 21:23 | Build | Town Center |
| 21:30 | Create | Monk |
| 21:32 | Research | Town Watch |
| 21:32 | Research | Town Watch |
| 21:37 | Create | Monk |
| 21:58 | Create | Villager (Male) |
| 21:59 | Create | Villager (Male) |
| 22:19 | Create | Monk |
| 22:20 | Create | Monk |
| 22:31 | Create | Monk |
| 22:32 | Create | Monk |
| 22:40 | Create | Scorpion |
Match timeline
| 7:36 | fourloko · wall_segment Palisade Wall x1 |
| 7:40 | fourloko · wall_segment Palisade Wall x1 |
| 8:07 | CTM | Lelouch ELO bajito · wall_segment Palisade Wall x1 |
| 8:09 | CTM | Lelouch ELO bajito · wall_segment Palisade Wall x1 |
| 8:12 | CTM | Lelouch ELO bajito · wall_segment Palisade Wall x1 |
| 8:13 | CTM | Lelouch ELO bajito · wall_segment Palisade Wall x1 |
| 8:15 | CTM | Lelouch ELO bajito · wall_segment Palisade Wall x1 |
| 8:18 | CTM | Lelouch ELO bajito · wall_segment Palisade Wall x1 |
| 8:20 | CTM | Lelouch ELO bajito · wall_segment Palisade Wall x2 |
| 8:24 | CTM | Lelouch ELO bajito · wall_segment Palisade Wall x1 |
| 8:25 | fourloko · first_building Barracks |
| 8:26 | CTM | Lelouch ELO bajito · wall_segment Palisade Wall x1 |
| 8:47 | CTM | Lelouch ELO bajito · wall_segment Palisade Wall x2 |
| 8:56 | CTM | Lelouch ELO bajito · wall_segment Palisade Wall x3 |
| 8:58 | fourloko · age_up feudal |
| 9:03 | CTM | Lelouch ELO bajito · wall_segment Palisade Wall x3 |
| 9:05 | CTM | Lelouch ELO bajito · wall_segment Palisade Wall x5 |
| 9:06 | CTM | Lelouch ELO bajito · wall_segment Palisade Wall x3 |
| 9:07 | fourloko · first_building Archery Range |
| 9:09 | CTM | Lelouch ELO bajito · wall_segment Palisade Wall x1 |
| 9:38 | CTM | Lelouch ELO bajito · wall_segment Palisade Wall x1 |
| 9:42 | CTM | Lelouch ELO bajito · wall_segment Palisade Wall x1 |
| 9:43 | CTM | Lelouch ELO bajito · wall_segment Palisade Wall x1 |
| 9:43 | CTM | Lelouch ELO bajito · wall_segment Palisade Wall x1 |
| 10:09 | CTM | Lelouch ELO bajito · wall_segment Palisade Wall x1 |
| 10:34 | fourloko · wall_segment Palisade Wall x1 |
| 10:38 | fourloko · wall_segment Palisade Wall x1 |
| 10:39 | fourloko · wall_segment Palisade Wall x1 |
| 11:48 | CTM | Lelouch ELO bajito · age_up feudal |
| 13:18 | CTM | Lelouch ELO bajito · wall_segment Palisade Wall x1 |
| 13:22 | CTM | Lelouch ELO bajito · wall_segment Palisade Wall x1 |
| 13:26 | CTM | Lelouch ELO bajito · wall_segment Palisade Wall x1 |
| 13:29 | CTM | Lelouch ELO bajito · wall_segment Palisade Wall x1 |
| 13:30 | CTM | Lelouch ELO bajito · wall_segment Palisade Wall x1 |
| 14:10 | fourloko · wall_segment Palisade Wall x1 |
| 14:11 | fourloko · wall_segment Palisade Wall x1 |
| 14:12 | fourloko · wall_segment Palisade Wall x1 |
| 15:12 | CTM | Lelouch ELO bajito · wall_segment Palisade Wall x1 |
| 15:52 | CTM | Lelouch ELO bajito · age_up castle |
| 15:58 | CTM | Lelouch ELO bajito · first_building Monastery |
| 17:20 | fourloko · first_market_buy 100 food |
| 18:10 | CTM | Lelouch ELO bajito · first_market_sell 100 wood |
| 18:52 | fourloko · first_market_sell 100 food |
| 20:08 | fourloko · age_up castle |
| 20:32 | CTM | Lelouch ELO bajito · first_building Siege Workshop |
| 20:58 | CTM | Lelouch ELO bajito · first_market_buy 100 stone |
| 21:35 | fourloko · first_building Monastery |
| 29:21 | fourloko · resign |
[ AI ANALYSIS · 1 CREDIT ]
What really happened in this match?
Wolo.gg analyzes every decision: build order, eco, micro, common mistakes by bracket. Personalized analysis on WhatsApp or Discord in 30 seconds.
Civ guide
Burgundians
Perfil
Jugador #310739